 Dungeon Crawl Stone Soup version 0.26-a0-854-gdc81c2f471 (webtiles) character file.

Game seed: 9514436291909580978

40 iamoutofideas the Skirmisher (level 3, 40/40 HPs)
             Began as an Ogre Berserker on Nov 23, 2020.
             Was a Believer of Trog.
             Quit the game on level 1 of the Dungeon.
             The game lasted 00:01:02 (1402 turns).

iamoutofideas the Skirmisher (Ogre Berserker)       Turns: 1402, Time: 00:01:03

Health: 40/40      AC:  3    Str: 22    XL:     3   Next: 50%
Magic:  3/3        EV: 10    Int:  8    God:    Trog [**....]
Gold:   44         SH:  0    Dex:  8    Spells: 2/2 levels left

rFire    . . .     SeeInvis .   a - +0 hand axe
rCold    . . .     Faith    .   (no shield)
rNeg     . . .     Spirit   .   b - +0 animal skin
rPois    .         Reflect  .   (helmet restricted)
rElec    .         Harm     .   (no cloak)
rCorr    .         Rampage  .   (gloves unavailable)
MR       .....                  (boots unavailable)
Stlth    +.........             (no amulet)
HPRegen  0.13/turn              (no ring)
MPRegen  0.08/turn              (no ring)

@: no status effects
A: large, unfitting armour, tough skin 1
a: Berserk, Trog's Hand, Renounce Religion


You were on level 1 of the Dungeon.
You worshipped Trog.
Trog was pleased with you.
You visited 1 branch of the dungeon, and saw 1 of its levels.

You collected 44 gold pieces.

Inventory:

Hand Weapons
 a - a +0 hand axe (weapon)
Armour
 b - a +0 animal skin (worn)
Jewellery
 d - a cursed ring of attention {unknown}
Scrolls
 f - a scroll of enchant armour {unknown}
 g - 2 scrolls of fog {unknown}
 h - 2 scrolls of identify {unknown}
 i - a scroll of amnesia {unknown}
Potions
 c - a potion of brilliance {unknown}
 e - 3 potions of curing {unknown}
 j - a potion of magic {unknown}


   Skills:
 + Level 4.5 Fighting
 + Level 3.6 Axes
 + Level 3.2 Dodging


You had 2 spell levels left.
You didn't know any spells.
Your spell library was empty.

Dungeon Overview and Level Annotations

Branches:
Dungeon (1/15)

Altars:


Innate Abilities, Weirdness & Mutations

You are too large for most types of armour.
You have tough skin. (AC +1)


Message History

You hit the dart slug but do no damage.
The dart slug is almost dead.
The dart slug launches a dart at you. The slug dart hits you.
A dart slug is nearby!
You hit the dart slug.
You kill the dart slug!
Trog accepts your kill.
No target in view!
You see here a +0 club.
j - a brown potion Key pressed, stopping explore.
No target in view!
Key pressed, stopping explore.
No target in view!
Key pressed, stopping explore.
No target in view!
Found an escape hatch in the floor.
No target in view!
Are you sure you want to abandon this character and quit the game? (Confirm with "yes".)

#)#.#.#.#.######..##
#.#### ###.#.#.#.#.# ##.##
#..... ....#.#.#.#.# #..#
#####.
#####.#.#.#.#####.## #.
....#.#.#.#.##.##.# #.
.##...#.#.#.##....########
##
.######...[.#............#
..........###............#
##########......@........#
......# #..........#######
.####.# #......#...# ##
#.# #.)....#...#
#.###......+...#
#.........##...#
######....##...#
#....##.>.# #....#


There were no monsters in sight!

Vanquished Creatures
  2 dart slugs (D:1)
  A leopard gecko (D:1)
  A giant cockroach (D:1)
  6 goblins (D:1)
  2 hobgoblins (D:1)
  3 jackals (D:1)
  7 kobolds (D:1)
  2 ball pythons (D:1)
  5 bats (D:1)
  A frilled lizard (D:1)
  5 rats (D:1)
35 creatures vanquished.

Notes
Turn   | Place    | Note
-------+----------+-------------------------------------------
     0 | D:1      | iamoutofideas the Ogre Berserker began the quest for the
                  | Orb.
     0 | D:1      | Reached XP level 1. HP: 24/24 MP: 1/1
    73 | D:1      | Reached XP level 2. HP: 25/32 MP: 2/2
   766 | D:1      | Reached XP level 3. HP: 39/40 MP: 3/3
   918 | D:1      | Reached ** piety under Trog
  1402 | D:1      | Quit the game

Illustrated notes

Levels and vault maps discovered:
D:1:      scummos_arrival_hexagon, layout_basic

Skill      XL: |  1  2 |
---------------+-------+-----
Dodging        | 3 |  3.2
Fighting       | |  4.5
Axes           | |  3.6

Action                   || total
-------------------------++-------
Melee: Hand axe          ||   124
Armor: Animal skin       ||    44
Dodge: Dodged            ||    70

Table legend: (Time is in decaauts)
 A = Elapsed time spent in this place.
 B = Non-inter-level travel time spent in this place.
 C = Inter-level travel time spent in this place.
 D = Time resting spent in this place.
 E = Time spent auto-exploring this place.
 F = Levels seen in this place.
 G = Mean time per level.
                   A        B        C        D        E       F      G
               +--------+--------+--------+--------+--------+-----+--------+
         Total |   1417 |   1417 |      0 |    343 |    830 |   1 | 1417.0 |
       Dungeon |   1417 |   1417 |      0 |    343 |    830 |   1 | 1417.0 |
               +--------+--------+--------+--------+--------+-----+--------+

Top non-repeatable levels by time:
     D:1: 1417 daAuts
